 Dungeon Crawl Stone Soup version 0.26.1-11-gd32895ea62 (webtiles) character file.

Game seed: 352921260461338592

1431 H0rd4k the Insei (level 8, -8/50 HPs)
             Began as an Octopode Transmuter on May 4, 2021.
             Was an Initiate of Gozag.
             Killed by divine providence
             ... invoked by an orc priest
              (14 damage)
             ... on level 6 of the Dungeon.
             The game lasted 00:08:14 (7874 turns).

H0rd4k the Insei (Octopode Transmuter)              Turns: 7874, Time: 00:08:15

Health: -8/50      AC:  1    Str: 10    XL:     8   Next: 73%
Magic:  12/12      EV: 15    Int: 17    God:    Gozag
Gold:   314        SH:  0    Dex: 12    Spells: 9/13 levels left

rFire    . . .     SeeInvis .     - Unarmed
rCold    . . .     Faith    .   (no shield)
rNeg     . . .     Spirit   .   (helmet restricted)
rPois    .         Reflect  .   (no amulet)
rElec    .         Harm     .   (no ring)
rCorr    .         Rampage  .   (no ring)
Will     .....                  (no ring)
Stlth    ++++......             (no ring)
HPRegen  0.16/turn              (no ring)
MPRegen  0.13/turn              (no ring)
                                (no ring)
                                (no ring)

@: gold aura
A: almost no armour, stealthy swim, amphibious, 8 rings, constrict 8, camouflage
1, gelatinous body 1
a: Renounce Religion, Potion Petition, Call Merchant, Bribe Branch


You were on level 6 of the Dungeon.
You worshipped Gozag.
Gozag was aware of your devotion.
You visited 2 branches of the dungeon, and saw 7 of its levels.

You collected 399 gold pieces.
You paid 85 gold pieces to Gozag.

Inventory:

Magical Staves
 j - an uncursed staff of earth {unknown}
Wands
 s - a wand of polymorph (9)
 u - a wand of acid (8)
 x - a wand of digging (3)
Scrolls
 a - 3 scrolls of teleportation {unknown}
 b - 2 scrolls of immolation {unknown}
 c - 4 scrolls of identify {unknown}
 d - 3 scrolls of fear {unknown}
 e - 2 scrolls of blinking {unknown}
 i - 2 scrolls of enchant armour {unknown}
 m - 2 scrolls of enchant weapon {unknown}
 n - 3 scrolls of remove curse {unknown}
 o - 2 scrolls of fog {unknown}
 p - a scroll of magic mapping {unknown}
 q - a scroll of amnesia {unknown}
 t - 3 scrolls of random uselessness {unknown}
Potions
 f - 2 potions of heal wounds {unknown}
 g - 2 potions of flight {unknown}
 h - a potion of curing {unknown}
 k - a potion of mutation {unknown}
 l - 2 potions of haste {unknown}
 r - 2 potions of magic {unknown}
 v - a potion of degeneration {unknown}
 w - a potion of ambrosia {unknown}


   Skills:
 + Level 2.3 Fighting
 + Level 4.3 Dodging
 + Level 5.2 Stealth
 + Level 6.8 Unarmed Combat
 * Level 3.1 Spellcasting
 * Level 4.7 Transmutations
 + Level 3.6 Poison Magic


You had 9 spell levels left.
You knew the following spells:

 Your Spells              Type           Power        Failure   Level
a - Beastly Appendage     Tmut           36%          2%          1
b - Spider Form           Tmut/Pois      8%           10%         3

Your spell library contained the following spells:

 Spells                   Type           Power        Failure   Level
 Wereblood                Tmut           18%          3%          2
 Magic Dart               Conj           8%           17%         1
 Blink                    Tloc           N/A          26%         2
 Call Imp                 Summ           2%           26%         2
 Slow                     Hex            2%           26%         2
 Mephitic Cloud           Conj/Pois/Air  6%           32%         3
 Conjure Flame            Conj/Fire      2%           45%         3
 Ice Form                 Ice/Tmut       10%          54%         4
 Blade Hands              Tmut           9%           56%         5


Dungeon Overview and Level Annotations

Branches:
Dungeon (6/15)             Temple (1/1) D:5

Altars:
Cheibriados
Gozag
Hepliaklqana
Nemelex Xobeh
Okawaru
Ru
Sif Muna
Trog
Uskayaw
Vehumet
Yredelemnul

Shops:
D:5 *

Annotations:
D:4 Grinder
D:5 exclusion: ice beast


Innate Abilities, Weirdness & Mutations

You cannot wear most types of armour.
You are very stealthy in the water. (Stealth+)
You are amphibious.
You can wear up to eight rings at the same time.
You can use your tentacles to constrict eight enemies at once.
Your skin changes colour to match your surroundings (Stealth+).
Your rubbery body absorbs attacks. (AC +1, EV +1)


Message History

You constrict the shadow imp. The shadow imp closely misses you.
You bludgeon the shadow imp!
You kill the shadow imp!
The orc warrior becomes distracted by the nearby gold, dreaming of imaginary riches.
You closely miss the orc.
The orc warrior shouts!
You grab the orc. You constrict the orc. The orc closely misses you.
You tentacle-slap the orc.
The orc is moderately wounded.
You constrict the orc.
The orc warrior is no longer distracted by gold.
The orc warrior hits you from afar with a +0 glaive!!
* * * LOW HITPOINT WARNING * * *
The orc hits you with a cursed -1 hand axe!
* * * LOW HITPOINT WARNING * * *
You release your grip on the orc.
The orc priest calls down the wrath of Beogh upon you.
Beogh smites you!
You die...
Your body crumbles into a pile of gold.

##.#.#.##.######.##.#.#
#...(...#...........#.#
#..#.###########.##.#.#
#..#.# .(...........#
...#.# #######.##.###
...#.# #.##.# .....#
#.##.# .....# # #.##.#
.....#.# #@##.#
.......# #.##.#
###'#### #o##.# #.#


oo# #.# ...# ###.# ..... ....# ...... ...## ....... ...# #.......# You could see
an orc warrior, an orc priest and an orc.

Vanquished Creatures
  Sigmund (D:6)
  Edmund (D:4)
  An orc warrior (D:4)
  A sky beast (D:6)
  A centaur (D:5)
  A big kobold (D:5)
  4 bullfrogs
  2 scorpions (D:5)
  A howler monkey (D:5)
  A bullfrog zombie (D:6)
  An orc priest (D:5)
  A hound (D:5)
  2 orc wizards
  Jessica (D:2)
  An iguana (D:4)
  A worker ant (D:4)
  5 adders
  A shadow imp (D:6)
  A white imp (D:3)
  2 ufetubi
  2 worms
  5 dart slugs
  4 leopard geckos
  11 orcs
  A ball python (D:4)
  6 giant cockroaches
  10 goblins
  7 hobgoblins
  15 jackals
  3 quokkas
  11 bats
  7 frilled lizards
  A jackal skeleton (D:4)
  12 kobolds
  A quokka zombie (D:5)
  8 rats
134 creatures vanquished.

Vanquished Creatures (others)
  9 plants
9 creatures vanquished.

Grand Total: 143 creatures vanquished

Notes
Turn   | Place    | Note
-------+----------+-------------------------------------------
     0 | D:1      | H0rd4k the Octopode Transmuter began the quest for the Orb.
     0 | D:1      | Reached XP level 1. HP: 13/13 MP: 3/3
   307 | D:1      | Reached XP level 2. HP: 7/18 MP: 5/5
   894 | D:1      | You fall into a shaft and drop 1 floor!
   952 | D:1      | Reached XP level 3. HP: 21/23 MP: 6/6
  1613 | D:2      | Noticed Jessica
  1636 | D:2      | Killed Jessica
  1637 | D:2      | Reached skill level 1 in Stealth
  1637 | D:2      | Reached XP level 4. HP: 24/28 MP: 5/7
  1800 | D:2      | Learned a level 3 spell: Spider Form
  1833 | D:2      | Reached skill level 4 in Unarmed Combat
  1963 | D:2      | Found a faded altar of an unknown god.
  2635 | D:3      | Reached skill level 1 in Poison Magic
  2635 | D:3      | Reached XP level 5. HP: 19/33 MP: 8/8
  3486 | D:3      | Reached XP level 6. HP: 17/38 MP: 9/9
  4493 | D:4      | Noticed Edmund
  4517 | D:4      | Noticed Grinder
  4518 | D:4      | Killed Edmund
  4724 | D:4      | Noticed an orc warrior
  4748 | D:4      | Killed an orc warrior
  4749 | D:4      | Reached skill level 5 in Unarmed Combat
  4749 | D:4      | Reached XP level 7. HP: 6/44 MP: 8/10
  5656 | D:5      | Entered Level 5 of the Dungeon
  6090 | D:5      | Found Vofamu Meal's Assorted Antiques.
  6294 | D:5      | Reached XP level 8. HP: 50/50 MP: 7/11
  6331 | D:5      | Found a staircase to the Ecumenical Temple.
  6570 | D:5      | Reached skill level 6 in Unarmed Combat
  6587 | Temple   | Entered the Ecumenical Temple
  6650 | Temple   | Became a worshipper of Gozag Ym Sagoz the Greedy
  6746 | D:4      | Found a sparkling altar of Nemelex Xobeh.
  6746 | D:4      | Found a shimmering blue altar of Sif Muna.
  7595 | D:6      | Noticed Sigmund
  7607 | D:6      | Killed Sigmund
  7608 | D:6      | Reached skill level 5 in Stealth
  7874 | D:6      | Killed from afar by an orc priest

Illustrated notes

Levels and vault maps discovered:
D:1:      kennysheep_arrival_seaside, layout_loops_ring,
          minmay_misc_feat_rugged, grunt_decor_cap, roderic_lattice_a
D:2:      layout_basic, chequers_ecumenical_altar_grove, uniq_jessica
D:3:      layout_basic, serial_forest, infiniplex_forest_clump_C,
          infiniplex_forest_lined_4_way, infiniplex_forest_clump_curved,
          infiniplex_forest_lined_2, infiniplex_forest_straight_2
D:4:      minmay_wonky_spiral, layout_rooms, nicolae_overflow_hidden_temple,
          uniq_grinder, uniq_edmund
D:5:      layout_rooms, minmay_temple_entry_glassed_door, serial_shops,
          nicolae_shop_overgrown_old_shop
D:6:      layout_basic, serial_shops, shop, uniq_sigmund
Temple:   regret_index_temple_chain_breaker

Skill      XL: |  1  2  3  4  5  6  7  8 |
---------------+-------------------------+-----
Stealth        | 1 2 3 4 5 |  5.2
Unarmed Combat | 4 5 6 |  6.8
Transmutations | 3 4 |  4.7
Poison Magic   | 1 2 3 |  3.6
Dodging        | 3 4 |  4.3
Fighting       | 2 |  2.3
Spellcasting   | 3 |  3.1

Action                   |  1- 3 |  4- 6 |  7- 9 || total
-------------------------+-------+-------+-------++-------
Melee: Unarmed           |    64 |   154 |   177 ||   395
       Constrict         |    18 |    36 |    21 ||    75
       Tentacles         |     9 |    22 |    16 ||    47
       Punch             |     3 |     2 |     6 ||    11
 Cast: Beastly Appendage |     1 |       |       ||     1
       Spider Form       |       |     2 |     7 ||     9
 Stab: Sleeping          |     3 |     7 |     7 ||    17
Armor: Skin              |     4 |    19 |     7 ||    30
Dodge: Dodged            |    31 |   112 |   133 ||   276
